 Dungeon Crawl Stone Soup version 0.23.2-30-g0e89c35649 (webtiles) character file.

Game seed: 7370034471159673702

200 Zephirin the Slinger (level 6, -2/40 HPs)
             Began as a Halfling Hunter on June 12, 2019.
             Was an Initiate of Okawaru.
             Killed from afar by an orc wizard (9 damage)
             ... with a puff of flame
             ... on level 3 of the Dungeon.
             The game lasted 00:18:04 (2307 turns).

Zephirin the Slinger (Halfling Hunter)              Turns: 2307, Time: 00:18:05

Health: -2/40      AC:  3    Str: 14    XL:     6   Next: 6%
Magic:  6/6        EV: 15    Int:  9    God:    Okawaru [......]
Gold:   108        SH:  0    Dex: 16    Spells: 5/5 levels left

rFire    . . .     SeeInvis .   b - +0 short sword
rCold    . . .     Gourm    .   (shield restricted)
rNeg     . . .     Faith    .   c - +0 leather armour
rPois    .         Spirit   .   (no helmet)
rElec    .         Reflect  .   (no cloak)
rCorr    .         Harm     .   (no gloves)
MR       .....                  (no boots)
Stlth    ++........             (no amulet)
HPRegen  0.13/turn              (no ring)
MPRegen  0.10/turn              (no ring)

@: no status effects
A: small, mutation resistance 1
a: Renounce Religion


You were on level 3 of the Dungeon.
You worshipped Okawaru.
Okawaru was noncommittal.
You were not hungry.

You visited 1 branch of the dungeon, and saw 3 of its levels.

You collected 108 gold pieces.

Inventory:

Hand Weapons
 a - a +1 hunting sling
 b - a +0 short sword (weapon)
 p - a +0 short sword
Missiles
 e - 45 stones
 g - 6 tomahawks (quivered)
Armour
 c - a +0 leather armour (worn)
 o - a +0 leather armour
Jewellery
 l - an uncursed ring of flight {unknown}
Scrolls
 k - a scroll of fog
 n - a scroll of remove curse
Potions
 i - 2 potions of heal wounds {unknown}
 j - a potion of cancellation {unknown}
 m - 3 potions of degeneration {unknown}
Comestibles
 f - 4 rations
 h - 5 chunks of flesh


   Skills:
 + Level 2.3 Fighting
 + Level 1.5 Short Blades
 + Level 8.5 Slings
 + Level 0.5 Armour
 + Level 2.9 Dodging
 + Level 1.7 Stealth


You had 5 spell levels left.
You didn't know any spells.
Your spell library was empty.

Dungeon Overview and Level Annotations

Branches:
Dungeon (3/15)

Altars:
Fedhas
Okawaru
Sif Muna
Vehumet


Innate Abilities, Weirdness & Mutations

You are small and have problems with some larger weapons.
You are somewhat resistant to further mutation.


Message History

Aim: a kobold, wielding a +0 whip You throw a tomahawk.
The tomahawk barely misses the kobold.
The kobold throws a stone.
The stone closely misses you.
Throwing (i - inventory. (/) - cycle)
g - 9 tomahawks (quivered)
Press: ? - help, Shift-Dir - straight line, f/p - kobold
Aim: a kobold, wielding a +0 whip You throw a tomahawk.
The tomahawk closely misses the kobold.
The kobold throws a stone.
The stone hits you but does no damage.
Throwing (i - inventory. (/) - cycle)
g - 8 tomahawks (quivered)
Press: ? - help, Shift-Dir - straight line, f/p - kobold
Aim: a kobold, wielding a +0 whip You throw a tomahawk.
The tomahawk misses the kobold.
Throwing (i - inventory. (/) - cycle)
g - 7 tomahawks (quivered)
Press: ? - help, Shift-Dir - straight line, f/p - kobold
Aim: a kobold, wielding a +0 whip You throw a tomahawk.
The tomahawk hits the kobold.
The kobold is moderately wounded.
A puff of flame appears from out of thin air!
The puff of flame hits you!
You die...

#..###.#.#..... ##.#
##. #####. .#. .# #.
# .# .. .. #. .#
.......# ### #..####
.# ..(...# ##
#.(.... .# ......#
##.
##..$.K###.###..(...
#..
#.......r@....{.(..
+..
#.........(#####..
#.. #.##.#.##### #(#
##. #... #.# ## #.#.
#)# # #.#. #{# # #r
#)######## ..
#((......#
########.##


You could see a kobold and a rat.

Vanquished Creatures
  Robin (D:2)
  A gnoll (D:2)
  9 adders
  An ooze (D:1)
  A worm (D:3)
  A dart slug (D:1)
  A leopard gecko (D:1)
  5 orcs
  2 ball pythons
  10 bats
  2 giant cockroaches (D:2)
  15 goblins
  14 hobgoblins
  2 frilled lizards
  8 kobolds
  11 rats
84 creatures vanquished.

Notes
Turn   | Place    | Note
-------+----------+-------------------------------------------
     0 | D:1      | Zephirin the Halfling Hunter began the quest for the Orb.
     0 | D:1      | Reached XP level 1. HP: 14/14 MP: 1/1
     2 | D:1      | Reached skill level 6 in Slings
    26 | D:1      | Reached XP level 2. HP: 19/19 MP: 2/2
   244 | D:1      | Reached XP level 3. HP: 23/24 MP: 3/3
   837 | D:2      | Found a deep blue altar of Sif Muna.
   932 | D:2      | Reached skill level 7 in Slings
   932 | D:2      | Reached XP level 4. HP: 29/29 MP: 4/4
   955 | D:2      | Found an iron altar of Okawaru.
  1000 | D:2      | Became a worshipper of Warmaster Okawaru
  1266 | D:2      | Found a radiant altar of Vehumet.
  1277 | D:2      | Reached skill level 1 in Short Blades
  1309 | D:2      | Reached XP level 5. HP: 26/34 MP: 5/5
  1708 | D:2      | Noticed Robin
  1721 | D:2      | Killed Robin
  1721 | D:2      | Reached skill level 8 in Slings
  2188 | D:3      | Found a blossoming altar of Fedhas.
  2201 | D:3      | Reached XP level 6. HP: 40/40 MP: 6/6
  2307 | D:3      | Killed from afar by an orc wizard

Skill      XL: |  1  2  3  4  5 |
---------------+----------------+-----
Slings         | 6 7 8 |  8.5
Fighting       | 2 |  2.3
Short Blades   | 1 |  1.5
Armour         | |  0.5
Dodging        | |  2.9
Stealth        | |  1.7

Action                   |  1- 3 |  4- 6 || total
-------------------------+-------+-------++-------
Melee: Short sword       |    40 |    69 ||   109
 Fire: Hunting sling     |    63 |   129 ||   192
Throw: Stone             |     6 |       ||     6
       Tomahawk          |       |     9 ||     9
  Use: Scroll            |     8 |     1 ||     9
  Eat: Chunk             |       |     4 ||     4
Armor: Leather armour    |    10 |    26 ||    36
Dodge: Dodged            |    59 |    89 ||   148
